 Dungeon Crawl Stone Soup version 0.29.1-15-g9cfb28693d (webtiles) character file.

Game seed: 10211485927273336067

101 Vizrt the Grave Robber (level 4, -2/30 HPs)
             Began as a Demonspawn Necromancer on Apr 1, 2023.
             Killed from afar by a white imp (7 damage)
             ... with a puff of frost
             ... on level 5 of the Dungeon.
             The game lasted 00:15:28 (4358 turns).

Vizrt the Grave Robber (Demonspawn Necromancer)     Turns: 4358, Time: 00:15:29

Health: -2/30      AC:  3    Str:  9    XL:     4   Next: 48%
Magic:  8/8        EV: 12    Int: 18    God:
Gold:   232        SH:  0    Dex: 13    Spells: 1/9 levels left

rFire   . . .      SeeInvis .   a - +0 rapier
rCold   . . .      Faith    .   (no shield)
rNeg    . . .      Spirit   .   g - +0 robe
rPois   .          Reflect  .   (no helmet)
rElec   .          Harm     .   (no cloak)
rCorr   .          Rampage  .   (no gloves)
Will    .....                   j - +0 pair of boots
Stlth   ++........              y - amulet of the acrobat
HPRegen 0.10/turn               e - ring of wizardry
MPRegen 0.11/turn               (no ring)

@: no status effects
A: claws 1, foul stench 1
a: no special abilities


You were on level 5 of the Dungeon.
You visited 1 branch of the dungeon, and saw 5 of its levels.

You collected 232 gold pieces.

Inventory:

Hand Weapons
 a - a +0 rapier (weapon)
 b - a +0 sling
Missiles
 t - a throwing net
Armour
 g - a +0 robe (worn)
 j - a +0 pair of boots (worn)
Magical Staves
 x - a staff of fire
Jewellery
 e - a ring of wizardry (left claw)
 l - an amulet of faith
 y - an amulet of the acrobat (around neck)
Wands
 u - a wand of polymorph (10)
Scrolls
 f - a scroll of vulnerability
 o - 2 scrolls of blinking {unknown}
 p - a scroll of noise {unknown}
 q - a scroll of silence {unknown}
 r - a scroll of torment {unknown}
 s - 2 scrolls of teleportation
 w - a scroll of immolation {unknown}
Potions
 c - 3 potions of haste {unknown}
 d - 2 potions of curing
 h - a potion of ambrosia
 i - a potion of magic
 k - a potion of might
 m - a potion of heal wounds
 n - 3 potions of mutation {unknown}
 v - a potion of lignification


   Skills:
 - Level 1.7 Dodging
 - Level 1.7 Stealth
 + Level 3.0 Spellcasting
 + Level 5.9 Necromancy


You had one spell level left.
You knew the following spells:

 Your Spells              Type           Power      Damage    Failure   Level
a - Necrotise             Necr           96%        1d8       1%          1
b - Vampiric Draining     Necr           24%        2d7       1%          3
c - Animate Dead          Necr           24%        N/A       6%          4

Your spell library contained the following spells:

 Spells                   Type           Power      Damage    Failure   Level
 Summon Small Mammal      Summ           8%         N/A       6%          1
 Agony                    Necr           24%        N/A       16%         5


Dungeon Overview and Level Annotations

Branches:
Dungeon (5/15)
 Temple: D:4-7

Altars:
Dithmenos
Hepliaklqana
Makhleb

Shops:
D:4 *

Annotations:
D:2 1 runed translucent door, Crazy Yiuf
D:4 Twins + Blork, exclusions: goblin and 1 more exclusion, Blork the orc, Dowan
D:5 2 transporters


Innate Abilities, Weirdness & Mutations

You have sharp fingernails.
You may rarely emit foul miasma when damaged in melee.


Message History

The sling bullet closely misses the white imp.
The white imp gestures at you. The puff of frost misses you.
Casting: Necrotise (safe; 1% risk of failure)
Confirm with . or Enter, or press ? or * to list all spells.
You can't see any susceptible monsters within range! (Use Z to cast anyway.)
a - a +0 rapier (weapon)
You closely miss the white imp.
The white imp is moderately wounded.
The white imp closely misses you. The white imp hits you.
The white imp freezes you.
* * * LOW HITPOINT WARNING * * *
You hit the white imp.
The white imp is severely wounded.
The white imp barely misses you.
Unknown command.
You closely miss the white imp.
The white imp is severely wounded.
The white imp hits you.
* * * LOW HITPOINT WARNING * * *
The white imp freezes you.
* * * LOW HITPOINT WARNING * * *
Unknown command.
You hit the white imp but do no damage.
The white imp is severely wounded.
The white imp sputters.
The white imp barely misses you.
Unknown command.
You hit the white imp but do no damage.
The white imp is severely wounded.
The white imp misses you.
Unknown command.
You barely miss the white imp.
The white imp is severely wounded.
The white imp gestures at you. The puff of frost hits you.
* * * LOW HITPOINT WARNING * * *
The white imp gestures at you. The puff of frost hits you!
You die...

##### #.# ....# #.#
..... ###.#
#.####### .... #.#
#........ ... #.#
#.########..
###.####.# #..
...^.....# #.# #
###.####.#######.#.#
#.# #.<......@..#
#.# #########5###
#.# #.# #.# #.# #.#
#.# #.# #.# ..# ###


You could see a white imp.

Vanquished Creatures
  3 adders (D:2)
  A dart slug (D:1)
  An orc (D:4)
  4 ball pythons
  9 endoplasms
  6 giant cockroaches
  6 hobgoblins
  2 jackals (D:1)
  5 quokkas
  2 bats
  5 frilled lizards
  5 goblins
  7 kobolds
  6 rats
62 creatures vanquished.

Vanquished Creatures (collateral kills)
  A bat (D:3)
  A kobold (D:1)
  A quokka (D:3)
  A ball python (D:1)
4 creatures vanquished.

Vanquished Creatures (others)
  A fungus (D:3)
  A plant (D:3)
2 creatures vanquished.

Grand Total: 68 creatures vanquished

Notes
Turn   | Place    | Note
-------+----------+-------------------------------------------
     0 | D:1      | Vizrt the Demonspawn Necromancer began the quest for the
                  | Orb.
     0 | D:1      | Reached XP level 1. HP: 13/13 MP: 3/3
   266 | D:1      | Gained mutation: You may rarely emit foul miasma when
                  | damaged in melee. [demonic ancestry]
   266 | D:1      | Reached XP level 2. HP: 18/19 MP: 3/5
  1174 | D:2      | Reached skill level 5 in Necromancy
  1174 | D:2      | Reached XP level 3. HP: 24/24 MP: 7/7
  1191 | D:1      | Learned a level 3 spell: Vampiric Draining
  1704 | D:2      | Found a runed translucent door.
  1705 | D:2      | Noticed Crazy Yiuf
  1980 | D:2      | Gained mutation: You have sharp fingernails. [demonic
                  | ancestry]
  1980 | D:2      | Reached XP level 4. HP: 30/30 MP: 5/8
  2647 | D:2      | Learned a level 4 spell: Animate Dead
  2711 | D:3      | Found a shadowy altar of Dithmenos.
  3052 | D:3      | Found a faded altar of an unknown god.
  3059 | D:3      | Got Plato's Papyrus of Mustering
  3445 | D:4      | Found a hazy altar of Hepliaklqana.
  3453 | D:4      | Found Ykozo's Assorted Antiques.
  3522 | D:4      | Noticed Dowan
  3829 | D:4      | Found a burning altar of Makhleb.
  4019 | D:4      | Noticed Blork the orc
  4284 | D:5      | Entered Level 5 of the Dungeon
  4290 | D:5      | Noticed an ogre
  4293 | D:5      | Noticed a yak
  4294 | D:5      | Noticed an orc warrior
  4294 | D:5      | Noticed a yak
  4295 | D:5      | Found a transporter.
  4295 | D:5      | Found a transporter.
  4295 | D:5      | Noticed an orc warrior
  4358 | D:5      | Killed from afar by a white imp

Illustrated notes

Levels and vault maps discovered:
D:1:      ncdulo_lavacross, layout_loops_ring, serial_glass, glass_columns_b,
          glass_columns_a, minmay_misc_feat_square
D:2:      layout_loops_corners, uniq_crazy_yiuf_cottage
D:3:      layout_rooms, grunt_dithmenos_smoke,
          shapermc_ecumenical_altar_rom_forum
D:4:      layout_basic, tso_metal_star, lemuel_doored_altar, kennysheep_mini,
          marbit_many_paths, serial_shops, shop, uniq_duvessa,
          uniq_blork_the_orc
D:5:      layout_loops_ring, grunt_gozag_breadcrumbs,
          mainiacjoe_overflow_cross_hatched, mainiacjoe_overflow_alcove_2,
          gammafunk_temple_overflow_arena, chequers_serial_rivers_micro_a,
          grunt_ministairs_8, uniq_pikel, uniq_ijyb, uniq_prince_ribbit1

Skill      XL: |  1  2  3 |
---------------+----------+-----
Necromancy     | 5 |  5.9
Spellcasting   | 3 |  3.0
Dodging        | |  1.7
Stealth        | |  1.7

Action                   |  1- 3 |  4- 6 || total
-------------------------+-------+-------++-------
Melee: Unarmed           |     3 |       ||     3
       Rapier            |     6 |    21 ||    27
 Fire: Sling             |    54 |    54 ||   108
 Cast: Necrotise         |    39 |    14 ||    53
  Use: Scroll            |       |     8 ||     8
Armor: Robe              |     4 |     8 ||    12
Dodge: Dodged            |    13 |    28 ||    41
